 Dungeon Crawl Stone Soup version 0.28-a0-1286-g6bde065e89 (webtiles) character file.

Game seed: 11407430232442210692

541 rogsnak the Conjurer (level 7, -1/48 HPs)
             Began as a Demonspawn Air Elementalist on Dec 26, 2021.
             Slain by a killer bee (6 damage)
             ... on level 5 of the Dungeon.
             The game lasted 00:08:21 (4901 turns).

rogsnak the Conjurer (Demonspawn Air Elementalist)  Turns: 4901, Time: 00:08:21

Health: -1/48      AC: 11    Str:  8    XL:     7   Next: 5%
Magic:  16/22      EV: 12    Int: 19    God:
Gold:   174        SH:  0    Dex: 13    Spells: 13/14 levels left

rFire   . . .      SeeInvis .   m - +1 long sword (elec)
rCold   . . .      Faith    .   (no shield)
rNeg    . . .      Spirit   .   a - +0 robe
rPois   .          Reflect  .   (no helmet)
rElec   .          Harm     .   y - scarf {shadows}
rCorr   .          Rampage  .   (no gloves)
Will    .....                   (no boots)
Stlth   ++........              (no amulet)
HPRegen 0.16/turn               v - ring of magical power
MPRegen 0.18/turn               (no ring)

@: lethally poisoned (-1 -> -4), sanguine armoured
A: hooves 1, sanguine armour 2, demonic magic 2
a: no special abilities


You were on level 5 of the Dungeon.
You visited 1 branch of the dungeon, and saw 5 of its levels.

You collected 174 gold pieces.

Inventory:

Hand Weapons
 c - a +0 short sword
 m - a +1 long sword of electrocution (weapon)
 o - a +2 mace of protection
 x - a +0 morningstar of protection
Missiles
 p - 3 javelins
 B - 22 poisoned darts
 F - 6 atropa-tipped darts
Armour
 a - a +0 robe (worn)
 w - a +0 pair of boots
 y - a scarf of shadows (worn)
 E - a +0 buckler
Jewellery
 v - a ring of magical power (left hand)
Wands
 u - a wand of flame (18)
 z - a wand of iceblast (10)
 J - a wand of acid (14)
Scrolls
 b - a scroll of holy word {unknown}
 d - a scroll of vulnerability {unknown}
 e - a scroll of summoning {unknown}
 g - a scroll of immolation {unknown}
 l - 3 scrolls of identify {unknown}
 n - 2 scrolls of teleportation {unknown}
 r - a scroll of blinking {unknown}
 s - 2 scrolls of fear {unknown}
 G - a scroll of enchant armour {unknown}
 K - a scroll of torment {unknown}
Potions
 f - a potion of heal wounds {unknown}
 h - 3 potions of curing {unknown}
 i - a potion of magic {unknown}
 j - 3 potions of mutation {unknown}
 k - a potion of degeneration {unknown}
 q - 2 potions of attraction {unknown}
 t - a potion of brilliance {unknown}
 A - a potion of berserk rage {unknown}
 C - a potion of flight {unknown}
 D - a potion of haste
 H - a potion of resistance {unknown}
 I - a potion of invisibility {unknown}


   Skills:
 + Level 1.3 Fighting
 + Level 2.4 Dodging
 - Level 1.7 Stealth
 + Level 4.0 Spellcasting
 * Level 4.5 Conjurations
 + Level 4.2 Air Magic


You had 13 spell levels left.
You knew the following spells:

 Your Spells              Type           Power      Damage    Failure   Level
a - Shock                 Conj/Air       80%        1d8       2%          1

Your spell library contained the following spells:

 Spells                   Type           Power      Damage    Failure   Level
 Static Discharge         Conj/Air       20%        N/A       3%          2
 Swiftness                Air            19%        N/A       8%          3
 Poisonous Vapours        Pois/Air       22%        N/A       9%          2
 Sting                    Tmut/Pois      12%        1d3       14%         1
 Summon Small Mammal      Summ           12%        N/A       14%         1
 Airstrike                Air            9%         N/A       24%         4
 Call Canine Familiar     Summ           3%         N/A       38%         3
 Summon Guardian Golem    Hex/Summ       3%         N/A       38%         3
 Olgreb's Toxic Radiance  Pois           3%         N/A       80%         4


Dungeon Overview and Level Annotations

Branches:
Dungeon (5/15)
 Temple: D:4-7

Altars:
Nemelex Xobeh
Vehumet


Innate Abilities, Weirdness & Mutations

You have large cloven feet.
When seriously injured, your blood forms thick armour. (AC +9)
Spells you cast may paralyse nearby enemies.


Message History

Your blood congeals into armour.
The killer bee closely misses you.
A killer bee comes into view.
The killer bee barely misses you. The killer bee stings you.
Unknown command.
Casting: Shock (safe; 2% risk of failure)
Confirm with . or Enter, or press ? or * to list all spells.
Aiming: Shock (safe; 2% risk of failure)
Press: ? - help, Shift-Dir - straight line The zap hits the killer bee.
The killer bee is heavily wounded.
The zap hits the killer bee.
The killer bee is moderately wounded.
The zap misses the killer bee.
Malevolent energies surge around you.
The killer bee buzzes angrily.
You feel sick. The killer bee stings you.
The killer bee stings you but does no damage. x3
Unknown command.
Unknown command.
Casting: Shock (safe; 2% risk of failure)
Confirm with . or Enter, or press ? or * to list all spells.
Aiming: Shock (safe; 2% risk of failure)
Press: ? - help, Shift-Dir - straight line The zap hits the killer bee.
The killer bee is almost dead.
The zap misses the killer bee. x2; Malevolent energies surge around you.
The killer bee suddenly stops moving! x2; You feel sick.
The killer bee is no longer paralysed.
The killer bee stings you but does no damage.
The killer bee stings you!
* * * LOW HITPOINT WARNING * * *
The killer bee stings you but does no damage.
The killer bee stings you.
* * * LOW HITPOINT WARNING * * *
Casting: Shock (safe; 2% risk of failure)
Confirm with . or Enter, or press ? or * to list all spells.
Aiming: Shock (safe; 2% risk of failure)
Press: ? - help, Shift-Dir - straight line The zap misses the killer bee. x3; Malevolent energies surge around you.
You feel sick. The killer bee stings you.
You die...

.######### #
....##..# ### #.
........####.### ...
#.....##.....## y.
#...).#.......##
#.###.)(.<)[.......##
#.yy@...###........##
##.yy...##........###
##..................
#.....###...........
......># #...........
.....#...
............
.#######..
...#.....#.
..##...##. .(...#.


You could see 4 killer bees.

Vanquished Creatures
  A black bear (D:5)
  A killer bee (D:5)
  2 hounds (D:4)
  An orc priest (D:2)
  2 iguanas
  Terence (D:3)
  Ijyb (D:2)
  An orc wizard (D:4)
  7 gnolls
  2 adders
  An adder skeleton (D:4)
  4 worms
  3 dart slugs
  13 orcs
  7 bats
  5 endoplasms
  2 giant cockroaches
  6 goblins
  6 hobgoblins
  4 jackals (D:1)
  7 kobolds
  2 quokkas (D:3)
  6 ball pythons
  6 frilled lizards
  A rat (D:1)
92 creatures vanquished.

Notes
Turn   | Place    | Note
-------+----------+-------------------------------------------
     0 | D:1      | rogsnak the Demonspawn Air Elementalist began the quest for
                  | the Orb.
     0 | D:1      | Reached XP level 1. HP: 13/13 MP: 3/3
   466 | D:1      | Gained mutation: You have large cloven feet. [demonic
                  | ancestry]
   466 | D:1      | Reached XP level 2. HP: 19/19 MP: 0/5
   823 | D:1      | Found a faded altar of an unknown god.
  1390 | D:1      | Gained mutation: When seriously injured, your blood forms
                  | armour. (AC +9) [demonic ancestry]
  1390 | D:1      | Reached XP level 3. HP: 24/24 MP: 4/6
  1941 | D:2      | Gained mutation: Spells you cast may paralyse adjacent
                  | enemies. [demonic ancestry]
  1941 | D:2      | Reached XP level 4. HP: 22/31 MP: 0/8
  2597 | D:2      | Found a sparkling altar of Nemelex Xobeh.
  2638 | D:3      | Noticed Ijyb
  2655 | D:2      | Killed Ijyb
  2656 | D:2      | Reached XP level 5. HP: 8/36 MP: 2/9
  3580 | D:3      | Noticed Terence
  3587 | D:3      | Killed Terence
  3934 | D:4      | Gained mutation: When seriously injured, your blood forms
                  | thick armour. (AC +9) [demonic ancestry]
  3934 | D:4      | Reached XP level 6. HP: 29/42 MP: 11/11
  4208 | D:4      | Reached skill level 1 in Fighting
  4474 | D:4      | Found a radiant altar of Vehumet.
  4616 | D:5      | Entered Level 5 of the Dungeon
  4807 | D:5      | Gained mutation: Spells you cast may paralyse nearby
                  | enemies. [demonic ancestry]
  4807 | D:5      | Reached XP level 7. HP: 36/48 MP: 13/13
  4901 | D:5      | Slain by a killer bee

Illustrated notes

Levels and vault maps discovered:
D:1:      dpeg_arrival_brainrot, layout_basic,
          hellmonk_ecumenical_altar_inner_sanctum
D:2:      layout_rooms, basic_altar, minmay_circle_x
D:3:      layout_loops_cross, uniq_ijyb, uniq_terence
D:4:      layout_basic, fiery_altar_vehumet, chequers_serial_rivers_large_a,
          dk_vineyard_1
D:5:      layout_cave_pools, gammafunk_ghost_smash, uniq_eustachio

Skill      XL: |  1  2  3  4  5  6 |
---------------+-------------------+-----
Air Magic      | 3 4 |  4.2
Dodging        | 2 |  2.4
Conjurations   | 2 3 4 |  4.5
Spellcasting   | 3 4 |  4.0
Fighting       | 1 |  1.3
Stealth        | |  1.7

Action                   |  1- 3 |  4- 6 |  7- 9 || total
-------------------------+-------+-------+-------++-------
Melee: Short sword       |    29 |       |       ||    29
       Long sword        |    13 |    43 |       ||    56
       Kick              |       |     7 |       ||     7
 Cast: Shock             |    54 |   111 |     9 ||   174
 Stab: Paralysed         |       |     8 |       ||     8
       Sleeping          |       |     1 |       ||     1
Armor: Robe              |    12 |     4 |     5 ||    21
Dodge: Dodged            |    23 |    36 |     4 ||    63

Table legend: (Time is in decaauts)
 A = Elapsed time spent in this place.
 B = Non-inter-level travel time spent in this place.
 C = Inter-level travel time spent in this place.
 D = Time resting spent in this place.
 E = Time spent auto-exploring this place.
 F = Levels seen in this place.
 G = Mean time per level.
                   A        B        C        D        E       F      G
               +--------+--------+--------+--------+--------+-----+--------+
         Total |   4936 |   4869 |     67 |   1298 |   2862 |   5 |  987.2 |
       Dungeon |   4936 |   4869 |     67 |   1298 |   2862 |   5 |  987.2 |
               +--------+--------+--------+--------+--------+-----+--------+

Top non-repeatable levels by time:
     D:1: 1509 daAuts
     D:2: 1360 daAuts
     D:4: 939 daAuts
     D:3: 904 daAuts
     D:5: 220 daAuts
